% Time on Ice - RENO LIONS
Lines # - Real PCT - Wanted PCT - Time Play
Normal Forward
1 - 32% - 35% - 18:02
2 - 34% - 35% - 18:53
3 - 23% - 20% - 12:43
4 - 11% - 10% - 6:24
Normal Defense
1 - 33% - 36% - 18:39
2 - 32% - 31% - 18:12
3 - 27% - 23% - 14:54
4 - 8% - 10% - 4:17
PP Forward
1 - 61% - 70% - 1:13
2 - 39% - 30% - 0:46
PP Defense
1 - 63% - 60% - 1:15
2 - 37% - 40% - 0:44
PK Forward
1 - 58% - 55% - 1:09
2 - 42% - 45% - 0:50
PK Defense
1 - 56% - 55% - 1:07
2 - 44% - 45% - 0:52
PK3 Forward
1 - 0% - 55%
2 - 0% - 45%
PK3 Defense
1 - 0% - 55%
2 - 0% - 45%
44 Forward
1 - 0% - 55%
2 - 0% - 45%
44 Defense
1 - 0% - 55%
2 - 0% - 45%
Last Minute Offensive  - 0:00
Last Minute Defensive  - 0:00
Total
Forward - 60:00
Defense - 60:00
% Time on Ice - UTAH ICE BEARS
Lines # - Real PCT - Wanted PCT - Time Play
Normal Forward
1 - 32% - 36% - 17:52
2 - 25% - 31% - 14:05
3 - 23% - 23% - 12:39
4 - 20% - 10% - 11:26
Normal Defense
1 - 35% - 36% - 19:53
2 - 30% - 31% - 16:45
3 - 27% - 23% - 14:53
4 - 8% - 10% - 4:31
PP Forward
1 - 57% - 55% - 1:08
2 - 43% - 45% - 0:51
PP Defense
1 - 45% - 55% - 0:54
2 - 55% - 45% - 1:05
PK Forward
1 - 65% - 55% - 1:17
2 - 35% - 45% - 0:42
PK Defense
1 - 42% - 55% - 0:50
2 - 58% - 45% - 1:09
PK3 Forward
1 - 0% - 55%
2 - 0% - 45%
PK3 Defense
1 - 0% - 55%
2 - 0% - 45%
44 Forward
1 - 0% - 55%
2 - 0% - 45%
44 Defense
1 - 0% - 55%
2 - 0% - 45%
Last Minute Offensive  - 0:00
Last Minute Defensive  - 0:00
Total
Forward - 60:00
Defense - 60:00
Play-by-Play 1st period 0:01 of 1st period - Steven Stamkos wins face-off versus Evgeni Malkin in neutral zone. 0:04 of 1st period - Shot by Kirill Kaprizov. 0:04 of 1st period - Goal by Kirill Kaprizov - RENO LIONS : 1 - UTAH ICE BEARS : 0. 0:05 of 1st period - Matthew Beniers wins face-off versus Pierre-Luc Dubois in neutral zone. 0:19 of 1st period - Off-side. 0:20 of 1st period - Ross Colton wins face-off versus Derek Grant in neutral zone. 1:13 of 1st period - Icing by Andreas Johnsson. 1:14 of 1st period - Evgeni Malkin wins face-off versus Derek Grant in RENO LIONS zone. 1:45 of 1st period - Andrew Mangiapane is hit by Derek Grant and loses puck. 2:12 of 1st period - Bowen Byram is hit by Trevor Lewis and loses puck. 2:34 of 1st period - Off-side. 2:35 of 1st period - Pierre-Luc Dubois wins face-off versus Blake Lizotte in neutral zone. 2:46 of 1st period - Shot by Cam Atkinson. 2:46 of 1st period - Stopped by Thatcher Demko with a rebound. 2:48 of 1st period - Shot by Ilya Mikheyev. 2:48 of 1st period - Shot Misses the Net. 2:50 of 1st period - Shot by Pierre-Luc Dubois. 2:50 of 1st period - Stopped by Thatcher Demko without a rebound. 2:51 of 1st period - Steven Stamkos wins face-off versus Matthew Beniers in UTAH ICE BEARS zone. 4:01 of 1st period - Icing by Jacob Trouba. 4:02 of 1st period - Kirill Kaprizov wins face-off versus Blake Lizotte in RENO LIONS zone. 4:31 of 1st period - Blake Lizotte is hit by Pierre-Luc Dubois and loses puck. 4:39 of 1st period - Shot by Ilya Mikheyev. 4:39 of 1st period - Shot Misses the Net. 4:59 of 1st period - Shot by Pierre-Luc Dubois. 4:59 of 1st period - Shot Misses the Net. 5:01 of 1st period - Shot by Cam Atkinson. 5:01 of 1st period - Deflect By Pierre-Luc Dubois. 5:01 of 1st period - Shot Blocked by MacKenzie Weegar. 5:03 of 1st period - Shot by Ilya Mikheyev. 5:03 of 1st period - Stopped by Thatcher Demko without a rebound. 5:04 of 1st period - Patrick Brown wins face-off versus Evgeni Malkin in UTAH ICE BEARS zone. 5:11 of 1st period - Shot by Andrew Mangiapane. 5:11 of 1st period - Shot Misses the Net. 5:24 of 1st period - Shot by Evgeni Malkin. 5:24 of 1st period - Stopped by Elvis Merzlikins without a rebound. 5:25 of 1st period - Ross Colton wins face-off versus Derek Grant in RENO LIONS zone. 5:28 of 1st period - Shot by Ross Colton. 5:28 of 1st period - Shot Misses the Net. 6:00 of 1st period - Shot by Rudolfs Balcers. 6:00 of 1st period - Stopped by Elvis Merzlikins without a rebound. 6:01 of 1st period - Pierre-Luc Dubois wins face-off versus Evgeni Malkin in RENO LIONS zone. 6:10 of 1st period - Shot by Pierre-Luc Dubois. 6:10 of 1st period - Shot Misses the Net. 6:15 of 1st period - Andrew Mangiapane is hit by Pierre-Luc Dubois and loses puck. 8:19 of 1st period - Off-side. 8:20 of 1st period - Derek Grant wins face-off versus Rudolfs Balcers in neutral zone. 8:46 of 1st period - Icing by Mattias Samuelsson. 8:47 of 1st period - Blake Lizotte wins face-off versus Derek Grant in RENO LIONS zone. 8:48 of 1st period - Shot by MacKenzie Weegar. 8:48 of 1st period - Stopped by Elvis Merzlikins with a rebound. 8:50 of 1st period - Shot by Blake Lizotte. 8:50 of 1st period - Shot Blocked by Mattias Samuelsson. 9:56 of 1st period - Icing by Mattias Samuelsson. 9:57 of 1st period - Derek Grant wins face-off versus Ross Colton in RENO LIONS zone. 9:57 of 1st period - Derek Grant is hit by Rudolfs Balcers. 10:53 of 1st period - Evgeni Malkin is hit by Jacob Trouba and loses puck. 10:54 of 1st period - Evgeni Malkin from UTAH ICE BEARS is injured at 10:54 of 1st period (Sprained Right Knee). 10:55 of 1st period - Steven Stamkos wins face-off versus Matthew Beniers in RENO LIONS zone. 10:59 of 1st period - Minor Penalty to Alexander Barabanov for Tripping. 11:00 of 1st period - Steven Stamkos wins face-off versus Casey Mittelstadt in UTAH ICE BEARS zone. 11:03 of 1st period - Shot by Kirill Kaprizov. 11:03 of 1st period - Shot Misses the Net. 11:05 of 1st period - Shot by Jacob Trouba. 11:05 of 1st period - Stopped by Thatcher Demko without a rebound. 11:06 of 1st period - Pierre-Luc Dubois wins face-off versus Casey Mittelstadt in UTAH ICE BEARS zone. 11:34 of 1st period - Shot by Cam Atkinson. 11:34 of 1st period - Stopped by Thatcher Demko without a rebound. 11:35 of 1st period - Steven Stamkos wins face-off versus Nicholas Paul in UTAH ICE BEARS zone. 13:08 of 1st period - Ethan Bear is hit by Andrew Mangiapane and loses puck. 13:17 of 1st period - Shot by Kyle Okposo. 13:17 of 1st period - Goal by Kyle Okposo - RENO LIONS : 1 - UTAH ICE BEARS : 1. 13:18 of 1st period - Steven Stamkos wins face-off versus Matthew Beniers in neutral zone. 13:41 of 1st period - Shot by Steven Stamkos. 13:41 of 1st period - Shot Blocked by T.J. Brodie. 13:49 of 1st period - Shot by Matthew Beniers. 13:49 of 1st period - Stopped by Elvis Merzlikins with a rebound. 13:51 of 1st period - Shot by T.J. Brodie. 13:51 of 1st period - Stopped by Elvis Merzlikins without a rebound. 13:52 of 1st period - Nicholas Paul wins face-off versus Patrick Brown in RENO LIONS zone. 13:53 of 1st period - Shot by Andrew Mangiapane. 13:53 of 1st period - Shot Blocked by Oliver Ekman-Larsson. 13:55 of 1st period - Shot by Mark Pysyk. 13:55 of 1st period - Shot Blocked by Jacob Trouba. 13:57 of 1st period - Shot by Andrew Mangiapane. 13:57 of 1st period - Stopped by Elvis Merzlikins with a rebound. 14:22 of 1st period - Icing by Jacob Trouba. 14:23 of 1st period - Matthew Beniers wins face-off versus Patrick Brown in RENO LIONS zone. 14:39 of 1st period - Icing by Jacob Trouba. 14:40 of 1st period - Ross Colton wins face-off versus Patrick Brown in RENO LIONS zone. 14:59 of 1st period - Shot by Rudolfs Balcers. 14:59 of 1st period - Stopped by Elvis Merzlikins without a rebound. 15:00 of 1st period - Pierre-Luc Dubois wins face-off versus Lucas Raymond in RENO LIONS zone. 15:00 of 1st period - Pierre-Luc Dubois is hit by Kyle Okposo. 15:44 of 1st period - Shot by Cam Atkinson. 15:44 of 1st period - Shot Blocked by Andrew Peeke. 15:55 of 1st period - Off-side. 15:56 of 1st period - Steven Stamkos wins face-off versus Ross Colton in neutral zone. 16:06 of 1st period - MacKenzie Weegar is hit by Jacob Trouba and loses puck. 16:28 of 1st period - Icing by Oliver Ekman-Larsson. 16:29 of 1st period - Elias Pettersson wins face-off versus Casey Mittelstadt in RENO LIONS zone. 17:41 of 1st period - Shot by Lucas Raymond. 17:41 of 1st period - Shot Misses the Net. 18:01 of 1st period - Shot by Pierre-Luc Dubois. 18:01 of 1st period - Deflect By Ilya Mikheyev. 18:01 of 1st period - Shot Misses the Net. 18:03 of 1st period - Shot by Nikita Zadorov. 18:03 of 1st period - Deflect By Pierre-Luc Dubois. 18:03 of 1st period - Shot Blocked by MacKenzie Weegar. 18:09 of 1st period - Shot by Pierre-Luc Dubois. 18:09 of 1st period - Shot Misses the Net. 18:14 of 1st period - Icing by MacKenzie Weegar. 18:15 of 1st period - Patrick Brown wins face-off versus Matthew Beniers in UTAH ICE BEARS zone. 19:14 of 1st period - Shot by Trevor Lewis. 19:14 of 1st period - Goal by Trevor Lewis - RENO LIONS : 2 - UTAH ICE BEARS : 1. 19:15 of 1st period - Pierre-Luc Dubois wins face-off versus Blake Lizotte in neutral zone. 19:38 of 1st period - Shot by Cam Atkinson. 19:38 of 1st period - Stopped by Thatcher Demko with a rebound. 19:40 of 1st period - Shot by Jacob Trouba. 19:40 of 1st period - Stopped by Thatcher Demko without a rebound. 19:41 of 1st period - Steven Stamkos wins face-off versus Matthew Beniers in UTAH ICE BEARS zone. 19:54 of 1st period - Shot by Alexander Barabanov. 19:54 of 1st period - Stopped by Elvis Merzlikins without a rebound. 19:55 of 1st period - Pierre-Luc Dubois wins face-off versus Ross Colton in RENO LIONS zone. Goals for this period are 2 for RENO LIONS vs 1 for UTAH ICE BEARS. Shots for this period are 9 for RENO LIONS vs 9 for UTAH ICE BEARS. 2nd period 0:01 of 2nd period - Pierre-Luc Dubois wins face-off versus Lucas Raymond in neutral zone. 0:12 of 2nd period - Shot by Pierre-Luc Dubois. 0:12 of 2nd period - Deflect By Ilya Mikheyev. 0:12 of 2nd period - Shot Misses the Net. 0:14 of 2nd period - Shot by Ilya Mikheyev. 0:14 of 2nd period - Shot Misses the Net. 0:39 of 2nd period - Shot by Cam Atkinson. 0:39 of 2nd period - Stopped by Thatcher Demko without a rebound. 0:40 of 2nd period - Steven Stamkos wins face-off versus Ross Colton in UTAH ICE BEARS zone. 0:55 of 2nd period - Shot by Kirill Kaprizov. 0:55 of 2nd period - Shot Misses the Net. 1:02 of 2nd period - Icing by T.J. Brodie. 1:03 of 2nd period - Ross Colton wins face-off versus Patrick Brown in UTAH ICE BEARS zone. 1:59 of 2nd period - Shot by Matthew Beniers. 1:59 of 2nd period - Stopped by Elvis Merzlikins without a rebound. 2:00 of 2nd period - Steven Stamkos wins face-off versus Lucas Raymond in RENO LIONS zone. 2:13 of 2nd period - Shot by Kirill Kaprizov. 2:13 of 2nd period - Shot Misses the Net. 2:15 of 2nd period - Shot by Kirill Kaprizov. 2:15 of 2nd period - Stopped by Thatcher Demko without a rebound. 2:16 of 2nd period - Pierre-Luc Dubois wins face-off versus Zachary Sanford in UTAH ICE BEARS zone. 2:19 of 2nd period - Shot by Cam Atkinson. 2:19 of 2nd period - Shot Misses the Net. 2:30 of 2nd period - Casey Mittelstadt is hit by Jacob Trouba and loses puck. 3:06 of 2nd period - Minor Penalty to Pierre-Luc Dubois for Hooking. 3:07 of 2nd period - Ross Colton wins face-off versus Patrick Brown in RENO LIONS zone. 4:06 of 2nd period - Nikita Zadorov is hit by Ross Colton and loses puck. 4:38 of 2nd period - Shot by Vincent Hinostroza. 4:38 of 2nd period - Stopped by Thatcher Demko without a rebound. 4:39 of 2nd period - Matthew Beniers wins face-off versus Trevor Lewis in UTAH ICE BEARS zone. 4:44 of 2nd period - Shot by Matthew Beniers. 4:44 of 2nd period - Stopped by Elvis Merzlikins without a rebound. 4:45 of 2nd period - Patrick Brown wins face-off versus Matthew Beniers in RENO LIONS zone. 5:00 of 2nd period - Shot by Lucas Raymond. 5:00 of 2nd period - Shot Misses the Net. 5:02 of 2nd period - Shot by Bowen Byram. 5:02 of 2nd period - Deflect By Lucas Raymond. 5:02 of 2nd period - Stopped by Elvis Merzlikins without a rebound. 5:03 of 2nd period - Andrew Mangiapane wins face-off versus Trevor Lewis in RENO LIONS zone. 5:04 of 2nd period - Shot by MacKenzie Weegar. 5:04 of 2nd period - Stopped by Elvis Merzlikins with a rebound. 5:06 of 2nd period - Shot by Nicholas Paul. 5:06 of 2nd period - Stopped by Elvis Merzlikins without a rebound. 5:07 of 2nd period - Steven Stamkos wins face-off versus Lucas Raymond in RENO LIONS zone. 5:34 of 2nd period - Shot by Kirill Kaprizov. 5:34 of 2nd period - Shot Misses the Net. 5:52 of 2nd period - Shot by Steven Stamkos. 5:52 of 2nd period - Shot Misses the Net. 5:54 of 2nd period - Shot by Oliver Ekman-Larsson. 5:54 of 2nd period - Shot Blocked by Tucker Poolman. 5:56 of 2nd period - Shot by Kirill Kaprizov. 5:56 of 2nd period - Stopped by Thatcher Demko without a rebound. 5:57 of 2nd period - Ross Colton wins face-off versus Pierre-Luc Dubois in UTAH ICE BEARS zone. 6:08 of 2nd period - Shot by Ross Colton. 6:08 of 2nd period - Stopped by Elvis Merzlikins without a rebound. 6:09 of 2nd period - Blake Lizotte wins face-off versus Derek Grant in RENO LIONS zone. 6:18 of 2nd period - Shot by Blake Lizotte. 6:18 of 2nd period - Shot Blocked by Robert Hagg. 6:34 of 2nd period - Icing by Zachary Sanford. 6:35 of 2nd period - Pierre-Luc Dubois wins face-off versus Blake Lizotte in UTAH ICE BEARS zone. 6:42 of 2nd period - Shot by Cam Atkinson. 6:42 of 2nd period - Shot Misses the Net. 6:44 of 2nd period - Shot by Ilya Mikheyev. 6:44 of 2nd period - Stopped by Thatcher Demko without a rebound. 6:45 of 2nd period - Matthew Beniers wins face-off versus Kirill Kaprizov in UTAH ICE BEARS zone. 6:45 of 2nd period - Matthew Beniers is hit by Steven Stamkos. 6:57 of 2nd period - Shot by Alexander Barabanov. 6:57 of 2nd period - Stopped by Elvis Merzlikins without a rebound. 6:58 of 2nd period - Pierre-Luc Dubois wins face-off versus Lucas Raymond in RENO LIONS zone. 7:31 of 2nd period - Shot by Pierre-Luc Dubois. 7:31 of 2nd period - Stopped by Thatcher Demko without a rebound. 7:32 of 2nd period - Steven Stamkos wins face-off versus Ross Colton in UTAH ICE BEARS zone. 7:33 of 2nd period - Shot by Kirill Kaprizov. 7:33 of 2nd period - Deflect By Elias Pettersson. 7:33 of 2nd period - Shot Blocked by T.J. Brodie. 8:23 of 2nd period - Jacob Trouba is hit by Nicholas Paul and loses puck. 8:57 of 2nd period - Shot by Ilya Mikheyev. 8:57 of 2nd period - Stopped by Thatcher Demko without a rebound. 8:58 of 2nd period - Matthew Beniers wins face-off versus Derek Grant in UTAH ICE BEARS zone. 8:58 of 2nd period - Matthew Beniers is hit by Trevor Lewis. 9:17 of 2nd period - Andreas Johnsson is hit by Andrew Peeke and loses puck. 9:28 of 2nd period - Shot by Derek Grant. 9:28 of 2nd period - Stopped by Thatcher Demko without a rebound. 9:29 of 2nd period - Lucas Raymond wins face-off versus Pierre-Luc Dubois in UTAH ICE BEARS zone. 9:45 of 2nd period - Shot by Cam Atkinson. 9:45 of 2nd period - Stopped by Thatcher Demko without a rebound. 9:46 of 2nd period - Patrick Brown wins face-off versus Blake Lizotte in UTAH ICE BEARS zone. 10:46 of 2nd period - Kyle Okposo is hit by Nikita Zadorov and loses puck. 10:58 of 2nd period - Kyle Okposo is hit by Nikita Zadorov and loses puck. 11:11 of 2nd period - Shot by Pierre-Luc Dubois. 11:11 of 2nd period - Stopped by Thatcher Demko without a rebound. 11:12 of 2nd period - Ross Colton wins face-off versus Steven Stamkos in UTAH ICE BEARS zone. 11:24 of 2nd period - Shot by Nicholas Paul. 11:24 of 2nd period - Stopped by Elvis Merzlikins without a rebound. 11:25 of 2nd period - Matthew Beniers wins face-off versus Derek Grant in RENO LIONS zone. 11:28 of 2nd period - Shot by Alexander Barabanov. 11:28 of 2nd period - Shot Misses the Net. 12:42 of 2nd period - Icing by Oliver Ekman-Larsson. 12:43 of 2nd period - Pierre-Luc Dubois wins face-off versus Nicholas Paul in RENO LIONS zone. 13:08 of 2nd period - Icing by Pierre-Luc Dubois. 13:09 of 2nd period - Blake Lizotte wins face-off versus Pierre-Luc Dubois in RENO LIONS zone. 13:35 of 2nd period - Icing by Mark Pysyk. 13:36 of 2nd period - Blake Lizotte wins face-off versus Steven Stamkos in UTAH ICE BEARS zone. 13:45 of 2nd period - Shot by Kirill Kaprizov. 13:45 of 2nd period - Stopped by Thatcher Demko without a rebound. 13:46 of 2nd period - Steven Stamkos wins face-off versus Lucas Raymond in UTAH ICE BEARS zone. 13:47 of 2nd period - Shot by Kirill Kaprizov. 13:47 of 2nd period - Deflect By Elias Pettersson. 13:47 of 2nd period - Stopped by Thatcher Demko without a rebound. 13:48 of 2nd period - Steven Stamkos wins face-off versus Matthew Beniers in UTAH ICE BEARS zone. 14:02 of 2nd period - Shot by Elias Pettersson. 14:02 of 2nd period - Stoppe